 Dungeon Crawl Stone Soup version 0.25-a0-566-g062765be81 (webtiles) character file.

Game seed: 18072406467994927953, levelgen mode: deterministic

422 Leibowitz the Slasher (level 6, -7/51 HPs)
             Began as a Demigod Fighter on Feb 27, 2020.
             Mangled by an ogre
             ... wielding a +0 giant spiked club
              (14 damage)
             ... on level 4 of the Dungeon.
             The game lasted 00:07:12 (3107 turns).

Leibowitz the Slasher (Demigod Fighter)             Turns: 3107, Time: 00:07:13

Health: -7/51      AC:  8    Str: 23    XL:     6   Next: 36%
Magic:  8/8        EV:  9    Int: 12    God:
Gold:   139        SH: 10    Dex: 15    Spells: 5/5 levels left

rFire    . . .     SeeInvis .   a - +0 long sword
rCold    . . .     Gourm    .   c - +0 kite shield
rNeg     + . .     Faith    .   b - +0 scale mail
rPois    .         Spirit   .   s - +0 helmet
rElec    .         Reflect  .   (no cloak)
rCorr    .         Harm     .   (no gloves)
MR       .....                  (no boots)
Stlth    ..........             (no amulet)
HPRegen  0.17/turn              e - ring of positive energy
MPRegen  0.11/turn              l - +1 ring of evasion

@: no status effects
A: high mp 1
a: no special abilities


You were on level 4 of the Dungeon.
You were hungry.

You visited 1 branch of the dungeon, and saw 4 of its levels.

You collected 139 gold pieces.

Inventory:

Hand Weapons
 a - a +0 long sword (weapon)
 v - a +0 dagger of venom
Missiles
 o - 2 atropa-tipped darts
 r - 4 poisoned darts (quivered)
Armour
 b - a +0 scale mail (worn)
 c - a +0 kite shield (worn)
 s - a +0 helmet (worn)
Jewellery
 e - a ring of positive energy (left hand)
 l - a +1 ring of evasion (right hand)
Wands
 m - a wand of acid (11)
Scrolls
 g - 7 scrolls of identify {unknown}
 i - a scroll of fear {unknown}
 j - a scroll of enchant weapon {unknown}
 p - 2 scrolls of remove curse {unknown}
 q - 2 scrolls of teleportation {unknown}
Potions
 d - a potion of might
 h - 2 potions of haste {unknown}
 k - 2 potions of heal wounds {unknown}
 n - 2 potions of curing {unknown}
 u - a potion of lignification {unknown}
Comestibles
 f - 8 rations


   Skills:
 + Level 3.3 Fighting
 + Level 4.9 Long Blades
 + Level 3.8 Armour
 + Level 0.8 Dodging
 + Level 0.1 Stealth
 + Level 3.3 Shields


You had 5 spell levels left.
You didn't know any spells.
Your spell library contained the following spells:

 Spells                   Type           Power        Failure   Level  Hunger
 Animate Skeleton         Necr           N/A          98%         1    ##.....
 Apportation              Tloc           #.....       98%         1    ##.....
 Corona                   Hex            #......      98%         1    ##.....
 Summon Small Mammal      Summ           #...         98%         1    ##.....
 Sublimation of Blood     Necr           #.........   99%         2    ###....
 Ignite Poison            Fire/Tmut/Pois #.......     100%        3    ####...
 Petrify                  Tmut/Erth      #.......     100%        4    #####..
 Alistair's Intoxication  Tmut/Pois      #.......     100%        5    ######.
 Irradiate                Conj/Tmut      #.........   100%        5    ######.
 Eringya's Noxious Bog    Tmut/Pois      #.........   100%        6    #######


Dungeon Overview and Level Annotations

Branches:
Dungeon (4/15)
 Temple: D:4-7

Annotations:
D:4 2 transporters


Innate Abilities, Weirdness & Mutations

You have an increased reservoir of magic. (+10% MP)


Message History

You block the ogre's attack.
You slash the ogre!
The ogre is moderately wounded.
You slash the ogre!
The ogre is severely wounded.
You block the ogre's attack.
Your shield and scale mail prevent you from hitting the ogre.
The ogre is severely wounded.
The ogre hits you with a +0 giant spiked club!!
Your shield and scale mail prevent you from hitting the ogre.
The ogre is severely wounded.
The ogre hits you with a +0 giant spiked club.
Your shield and scale mail prevent you from hitting the ogre.
The ogre is severely wounded.
The ogre hits you with a +0 giant spiked club!!
* * * LOW HITPOINT WARNING * * *
Your shield and scale mail prevent you from hitting the ogre.
The ogre is severely wounded.
The ogre hits you with a +0 giant spiked club!
You die...

.........## #.# ..##
#####.....## #.#.#
#.## #
#.......#####.#.#
##.## #
#.............#.#
######...#
####....>..#######.#
#......#..
..........## #.#
#.####...#
##.###...## #.# #.#
##.## #.
#############.#####.#
#.# #
......O@........# #.#
#########.####### #.#
#... ..# ##### ###


You could see an ogre.

Vanquished Creatures
  A phantom (D:4)
  3 orc priests
  3 orc wizards (D:4)
  A worker ant (D:4)
  4 adders
  2 oozes
  5 worms
  A leopard gecko (D:3)
  9 orcs
  A ball python (D:2)
  6 giant cockroaches
  6 goblins
  8 hobgoblins
  4 jackals (D:1)
  2 quokkas
  8 bats
  3 frilled lizards (D:2)
  9 kobolds
  A leopard gecko skeleton (D:4)
  5 rats
82 creatures vanquished.

Notes
Turn   | Place    | Note
-------+----------+-------------------------------------------
     0 | D:1      | Leibowitz the Demigod Fighter began the quest for the Orb.
     0 | D:1      | Reached XP level 1. HP: 18/18 MP: 3/3
   107 | D:1      | Reached skill level 2 in Long Blades
   107 | D:1      | Reached XP level 2. HP: 18/25 MP: 4/4
   675 | D:2      | Reached XP level 3. HP: 21/31 MP: 5/5
  1255 | D:2      | Found a sparkling altar of Nemelex Xobeh.
  1416 | D:3      | Reached XP level 4. HP: 35/38 MP: 6/6
  1578 | D:3      | Reached skill level 3 in Long Blades
  2134 | D:4      | Reached XP level 5. HP: 45/45 MP: 7/7
  2151 | D:4      | Found a transporter.
  2153 | D:4      | Found a transporter.
  2161 | D:4      | Found a sparkling altar of Nemelex Xobeh.
  2285 | D:4      | Reached skill level 4 in Long Blades
  2466 | D:4      | Noticed a phantom
  2499 | D:4      | Killed a phantom
  2499 | D:4      | Reached XP level 6. HP: 6/51 MP: 8/8
  3107 | D:4      | Mangled by an ogre

Levels and vault maps discovered:
D:1:      giann_horns, layout_basic
D:2:      layout_basic, nemelex_dance_club_becter
D:3:      layout_basic, first_ration
D:4:      wad_crossroads, layout_loops_ring, gammafunk_temple_overflow_arena

Skill      XL: |  1  2  3  4  5 |
---------------+----------------+-----
Long Blades    | 2 3 4 |  4.9
Fighting       | 3 |  3.3
Armour         | 3 |  3.8
Shields        | 3 |  3.3
Dodging        | |  0.8
Stealth        | |  0.1

Action                   |  1- 3 |  4- 6 || total
-------------------------+-------+-------++-------
Melee: Long sword        |   157 |   150 ||   307
  Eat: Chunk             |     2 |     5 ||     7
Armor: Scale mail        |    82 |    50 ||   132
Dodge: Dodged            |    65 |    42 ||   107
Block: Kite shield       |    83 |    67 ||   150
       Rpst.: Long sword |    25 |    13 ||    38

Table legend:
 A = Non-vault XP
 B = Vault XP
 C = Vault XP percentage of total XP
 D = Non-vault monster count
 E = Vault monster count
 F = Vault count percentage of total count
                 A         B        C        D         E       F
            +---------+---------+-------+---------+---------+-------
      Total |     591 |      13 |   2.2 |      79 |       3 |   3.7
            +---------+---------+-------+---------+---------+-------
        D:1 |      34 |       0 |   0.0 |      20 |       0 |   0.0
        D:2 |      58 |      10 |  14.7 |      19 |       2 |   9.5
        D:3 |     118 |       0 |   0.0 |      23 |       0 |   0.0
        D:4 |     381 |       3 |   0.8 |      17 |       1 |   5.6
            +---------+---------+-------+---------+---------+-------
